 Dungeon Crawl Stone Soup version 0.21.1-1-g345015f (webtiles) character file.

408 iamserjio the Ducker (level 6, -5/44 HPs)
             Began as an Octopode Monk on Apr 6, 2018.
             Splashed by a jelly's acid (8 damage)
             ... on level 4 of the Dungeon.
             The game lasted 00:14:38 (4220 turns).

iamserjio the Ducker (Octopode Monk)                Turns: 4220, Time: 00:14:38

Health: -5/44      AC: -4    Str: 12    XL:     6   Next: 88%
Magic:  6/6        EV: 17    Int: 12    God:
Gold:   188        SH:  0    Dex: 17    Spells: 5/5 levels left

rFire    . . .     SeeInvis .   j - +2 mace (protect)
rCold    . . .     Gourm    .   (no shield)
rNeg     . . .     Faith    .   (helmet restricted)
rPois    .         Spirit   .   (no amulet)
rElec    .         Reflect  .   k - +2 ring of strength
rCorr    .         Harm     .   s - ring of protection from magic
MR       +....                  (no ring)
Stlth    ++++......             (no ring)
HPRegen  0.14/turn              (no ring)
MPRegen  0.10/turn              (no ring)
                                (no ring)
                                (no ring)

@: corroded, protection aura, drained
A: almost no armour, stealthy swim, amphibious, 8 rings, constrict 8, camouflage
1, gelatinous body 1
a: no special abilities


You were on level 4 of the Dungeon.
You were not hungry.

You visited 1 branch of the dungeon, and saw 5 of its levels.
You also visited: Ossuary.

You collected 188 gold pieces.

Inventory:

Hand Weapons
 a - a +0 short sword
 j - a +2 mace of protection (weapon)
 l - a +0 blowgun
 t - a +0 falchion
 A - a +0 long sword
Missiles
 o - 37 sling bullets
 p - 17 poisoned needles
Jewellery
 k - a +2 ring of strength (left tentacle)
 s - a ring of protection from magic (right tentacle)
 B - a cursed amulet of inaccuracy {unknown}
Wands
 g - a wand of iceblast (6)
Scrolls
 c - 2 scrolls of amnesia
 e - 2 scrolls of teleportation
 h - 3 scrolls of remove curse {unknown}
 m - a scroll of random uselessness {unknown}
 q - 2 scrolls of enchant weapon
 w - 4 scrolls of immolation
 x - a scroll of magic mapping {unknown}
 y - a scroll of noise {unknown}
Potions
 d - 3 potions of curing
 f - a potion of cancellation {unknown}
 i - a potion of brilliance {unknown}
 n - 2 potions of haste
 r - 2 potions of mutation {unknown}
 u - a potion of berserk rage {unknown}
 v - 2 potions of lignification {unknown}
 z - a potion of invisibility {unknown}
Comestibles
 b - 5 rations


   Skills:
 + Level 4.5(4.4) Fighting
 - Level 3.1(3.0) Short Blades
 * Level 5.6(5.5) Dodging
 + Level 5.4(5.3) Stealth


You had 5 spell levels left.
You didn't know any spells.

Dungeon Overview and Level Annotations

Branches:
Dungeon (5/15)
 Temple: D:4-7

Altars:
Ashenzari
Cheibriados
Kikubaaqudgha
Zin
The Shining One


Innate Abilities, Weirdness & Mutations

You cannot wear most types of armour.
You are very stealthy in the water. (Stealth+)
You are amphibious.
You can wear up to eight rings at the same time.
You can use your tentacles to constrict eight enemies at once.
Your skin changes colour to match your surroundings (Stealth+).
Your rubbery body absorbs attacks. (AC +1, EV +1)


Message History

Your weapon exudes an aura of protection.
The acid corrodes you!
Your tentacles burn!
The jelly is lightly wounded.
The jelly hits you.
You are splashed with acid!
The acid burns!
You hit the jelly.
Your tentacles burn!
You squeeze the jelly.
The jelly is moderately wounded.
The jelly hits you.
You are splashed with acid!
The acid burns!
You hit the jelly. The acid corrodes you!
Your tentacles burn!
You squeeze the jelly!
The jelly is almost dead.
The jelly misses you. The jelly hits you.
You are splashed with acid!
The acid burns!
* * * LOW HITPOINT WARNING * * *
You hit the jelly. The acid corrodes you!
Your tentacles burn!
* * * LOW HITPOINT WARNING * * *
The jelly is almost dead.
The jelly hits you.
* * * LOW HITPOINT WARNING * * *
You are splashed with acid!
The acid burns!
You die...

.##..#^... ...#.......#
##### ..#....##.#
#.......#.#######....
..#..#.##
####.##.##.........###
.........
>.......##.######..#
#....#####
.###.#####.### #..#
#.#### #.#.?.....# #..#
#.# .......#.# ##.# ..#
####.###.#.## #.. ###
#.J@.....#..## ##### #
#.##.##..#[..###.... #
.. ...##.......##.... #
.......%##.##..........
.#
.........##.##...###....
## ......#####.#..#.#
#.... . ..#. ..#....#
##### r.# ###.#### #####
#.# #....


You could see a jelly.

Vanquished Creatures
  A scorpion (D:4)
  Natasha (D:4)
  Terence (D:3)
  An iguana (D:4)
  6 big kobold zombies (Ossuary)
  A mummy (Ossuary)
  3 gnolls (D:3)
  2 adders (D:3)
  An ooze (D:3)
  2 worms (D:3)
  2 leopard geckos
  6 orcs (D:3)
  2 spectral bats (Ossuary)
  A giant cockroach (D:2)
  2 goblins (D:1)
  6 hobgoblins
  4 jackals
  2 quokkas (D:3)
  A ball python (D:1)
  11 bats
  4 bat simulacra (Ossuary)
  2 frilled lizards (D:3)
  5 gnoll zombies (Ossuary)
  2 goblin simulacra (Ossuary)
  2 goblin zombies (Ossuary)
  6 hobgoblin zombies (Ossuary)
  9 kobolds
  A kobold simulacrum (Ossuary)
  5 kobold zombies (Ossuary)
  5 orc zombies (Ossuary)
  5 rats (D:2)
  3 rat simulacra (Ossuary)
  2 spectral goblins (Ossuary)
  4 spectral kobolds (Ossuary)
  2 spectral rats (Ossuary)
113 creatures vanquished.

Notes
Turn   | Place    | Note
-------+----------+-------------------------------------------
     0 | D:1      | iamserjio the Octopode Monk began the quest for the Orb.
     0 | D:1      | Reached XP level 1. HP: 16/16 MP: 1/1
   249 | D:1      | Reached XP level 2. HP: 21/21 MP: 2/2
   861 | D:2      | Found a glowing silver altar of Zin.
   951 | D:2      | Reached XP level 3. HP: 26/26 MP: 3/3
  1414 | D:2      | You fall through a shaft!
  1414 | D:3      | Found a shattered altar of Ashenzari.
  1428 | D:3      | Noticed Terence
  1444 | D:3      | Killed Terence
  1444 | D:3      | Reached XP level 4. HP: 25/31 MP: 4/4
  1629 | D:3      | Reached XP level 5. HP: 19/37 MP: 5/5
  1842 | D:3      | Found a glowing golden altar of the Shining One.
  1910 | D:3      | Found a snail-covered altar of Cheibriados.
  1937 | D:3      | Found an ancient bone altar of Kikubaaqudgha.
  3072 | D:4      | Found a sand-covered staircase.
  3095 | Ossuary  | Entered an ossuary
  3230 | Ossuary  | Reached skill level 5 in Dodging
  3230 | Ossuary  | Reached XP level 6. HP: 42/43 MP: 6/6
  3328 | Ossuary  | Reached skill level 5 in Stealth
  3614 | D:5      | Entered Level 5 of the Dungeon
  3936 | D:4      | Noticed Natasha
  3948 | D:4      | Killed Natasha
  4220 | D:4      | Splashed by a jelly's acid

Skill      XL: |  1  2  3  4  5  6 |
---------------+-------------------+-----
Stealth        | 3 4 5 |  5.4
Dodging        | 4 5 |  5.6
Fighting       | 4 |  4.5
Short Blades   | |  3.1

Action                   |  1- 3 |  4- 6 || total
-------------------------+-------+-------++-------
Melee: Short sword       |    58 |   197 ||   255
       Constrict         |    11 |    39 ||    50
       Tentacles         |    10 |    51 ||    61
       Mace              |       |    12 ||    12
  Use: Scroll            |       |     6 ||     6
       Potion            |       |     1 ||     1
 Stab: Sleeping          |    15 |    20 ||    35
  Eat: Chunk             |     1 |     3 ||     4
       Ration            |       |     2 ||     2
Armor: Skin              |     2 |    14 ||    16
Dodge: Dodged            |    31 |   111 ||   142
